 Dungeon Crawl Stone Soup version 0.30-a0-1160-g6e42c06551 (webtiles) character file.

Game seed: 4570189920173611932

29952 Scratchers the Severer (level 13, -31/103 (119) HPs)
             Began as a Minotaur Berserker on Apr 26, 2023.
             Was a High Priest of Trog.
             Killed from afar by a jorogumo (40 damage)
             ... with a bolt of negative energy
             ... on level 1 of the Spider Nest.
             The game lasted 01:46:46 (11809 turns).

Scratchers the Severer (Minotaur Berserker)        Turns: 11809, Time: 01:46:46

HP:   -31/103 (119) AC: 23    Str: 26    XL:     13   Next: 17%
MP:   12/12         EV:  7    Int:  7    God:    Trog [*****.]
Gold: 827           SH: 21    Dex: 11    Spells: 12/12 levels left

rFire   . . .        v - +8 whip "Snakebite" {venom, curare, rPois}
rCold   . . .        N - +0 tower shield
rNeg    . . .        w - +0 plate armour
rPois   +            (helmet restricted)
rElec   +            C - +0 cloak of Beyond {rPois Will++}
rCorr   .            d - +0 pair of gloves
SInv    .            (no boots)
Will    ++...        T - amulet of reflection Stlth
                     t - +4 ring of protection
HPRegen 0.37/turn    Q - ring of Gamyasm {Int+3 Slay+4}
MPRegen 0.13/turn

%: reflection
@: heavily drained
A: horns 2, retaliatory headbutt, fangs 1, electricity resistance
a: Renounce Religion, Berserk, Trog's Hand, Brothers in Arms


You were on level 1 of the Spider Nest.
You worshipped Trog.
Trog was extremely pleased with you.
You visited 3 branches of the dungeon, and saw 13 of its levels.
You also visited: Sewer.

You collected 941 gold pieces.
You spent 114 gold pieces at shops.

Inventory:

Hand Weapons
 b - a +0 battleaxe
 e - a +1 hand axe of freezing
 v - the +8 whip "Snakebite" (weapon) {venom, curare, rPois}
   (You took it off Amaemon on level 3 of the Lair of Beasts)

   rPois:     It protects you from poison.
 H - a +0 heavy dagger
 K - a +0 war axe
 O - the +9 staff of Olgreb {rPois∞}
   (You found it on level 8 of the Dungeon)

   It enhances your poison magic.
   It grants immunity to poison.
   It can be activated via the 'a'bility menu to radiate toxic energy, with
   effectiveness depending on Evocations skill.
   Trog disapproves of the use of such an item.
 P - a +3 heavy spear
Armour
 d - a +0 pair of gloves (worn)
 j - a +1 scale mail of willpower
 w - a +0 plate armour (worn)
 C - the +0 cloak of Beyond (worn) {rPois Will++}
   (You found it on level 5 of the Dungeon)

   rPois:     It protects you from poison.
   Will:      It greatly increases your willpower.
 N - a +0 tower shield (worn)
Jewellery
 k - an amulet of magic regeneration
 t - a +4 ring of protection (left hand)
 u - the ring of Qaolye Piadi {Fire rCorr MP-9 Slay+2}
   (You found it on level 4 of the Dungeon)

   [ring of fire]

   It enhances your fire magic.
   Slay:      It affects your accuracy & damage with ranged weapons and melee
   (+2).
   rF:        It protects you from fire.
   rC:        It makes you vulnerable to cold.
   MP:        It affects your magic capacity (-9).
   rCorr:     It protects you from acid and corrosion.
 B - a ring of flight
 Q - the ring of Gamyasm (right hand) {Int+3 Slay+4}
   (You found it on level 1 of the Lair of Beasts)

   [ring of slaying]

   Int:       It affects your intelligence (+3).
   Slay:      It affects your accuracy & damage with ranged weapons and melee
   (+4).
 T - an amulet of reflection (around neck)
Wands
 f - a wand of flame (25)
 i - a wand of roots (12)
 F - a wand of digging (7)
 G - a wand of paralysis (14)
 M - a wand of polymorph (3)
 R - a wand of quicksilver (5)
Scrolls
 c - a scroll of enchant weapon
 l - a scroll of silence {unknown}
 q - a scroll of poison {unknown}
 y - 2 scrolls of fear
 A - 4 scrolls of teleportation
 D - a scroll of blinking
 E - a scroll of noise {unknown}
 J - a scroll of amnesia {unknown}
 S - a scroll of summoning
Potions
 g - a potion of flight
 h - 2 potions of berserk rage
 m - 3 potions of invisibility
 n - 4 potions of might (quivered)
 p - a potion of magic
 r - 3 potions of mutation
 s - 3 potions of curing
 I - 2 potions of lignification
 L - 2 potions of ambrosia


   Skills:
 + Level 12.8 Fighting
 + Level 15.4(15.5) Axes
 + Level 2.8(10.4) Maces & Flails
 + Level 13.7 Armour
 + Level 4.4 Dodging
 + Level 1.8 Stealth
 + Level 10.9 Shields
 + Level 2.9 Evocations


You had 12 spell levels left.
You didn't know any spells.
Your spell library contained the following spells:

 Spells                   Type           Power      Damage    Failure   Level
 Beastly Appendage        Tmut           0%         N/A       100%        1
 Kiss of Death            Conj/Necr      0%         2d5       100%        1
 Blink                    Tloc           0%         N/A       100%        2
 Ensorcelled Hibernation  Hex/Ice        0%         N/A       100%        2
 Lesser Beckoning         Tloc           0%         N/A       100%        2
 Momentum Strike          Conj/Tloc      0%         3d8       100%        2
 Poisonous Vapours        Pois/Air       0%         N/A       100%        2
 Wereblood                Tmut           0%         N/A       100%        2
 Confusing Touch          Hex            0%         N/A       100%        3
 Mephitic Cloud           Conj/Pois/Air  0%         N/A       100%        3
 Spider Form              Tmut/Pois      0%         N/A       100%        3
 Anguish                  Hex/Necr       0%         N/A       100%        4
 Dispel Undead            Necr           0%         3d6       100%        4
 Fireball                 Conj/Fire      0%         3d3       100%        5
 Freezing Cloud           Conj/Ice/Air   0%         6-21      100%        5
 Iskenderun's Battlesphe  Conj           0%         2d6       100%        5
 Conjure Ball Lightning   Conj/Air       0%         3x3d6     100%        6
 Iron Shot                Conj/Erth      0%         9d1       100%        6
 Orb of Destruction       Conj           0%         9d5       100%        7
 Spellforged Servitor     Conj/Summ      0%         N/A       100%        7


Dungeon Overview and Level Annotations

Branches:
Dungeon (9/15)             Temple (0/1) D:4            Lair (3/5) D:9
 Shoals (0/4) Lair:2       Spider (1/4) Lair:3        Sewer (visited)
    Orc: D:9-12

Altars:
Fedhas
Gozag
Sif Muna
The Shining One

Shops:
D:4 ?


Innate Abilities, Weirdness & Mutations

You have a pair of horns on your head.
You reflexively headbutt those who attack you in melee.
You have very sharp teeth.
You are resistant to electric shocks. (rElec)


Message History

Press: ? - help, Q - select action, (/) - cycle Shift-Dir - straight line, f - jorogumo
Aim: a jorogumo The roots erupt in riotous growth!
Roots grab the jorogumo.
The grasping roots constrict the jorogumo!
You hear a faint skittering sound. x3
The jorogumo escapes!
The jorogumo stares at you and mumbles some strange words.
The stream of webbing misses you.
You recover from your berserk rage.
The jorogumo stares at you and mumbles some strange words.
The bolt of negative energy hits you!
You feel drained.
* * * LOW HITPOINT WARNING * * *
As you read the scroll of fog, it crumbles to dust.
The scroll dissolves into smoke.
You completely miss the jorogumo. Your headbutt misses the jorogumo.
The jorogumo is lightly wounded.
You block the jorogumo's attack.
You hit the jorogumo but do no damage.
The jorogumo is poisoned.
The jorogumo looks as sick as possible!
The jorogumo convulses.
The jorogumo seems to slow down.
You headbutt the jorogumo!
The jorogumo is moderately wounded.
You whack the jorogumo!
The jorogumo looks as sick as possible!
The jorogumo is moderately wounded.
The jorogumo hits you but does no damage.
You whack the jorogumo!
The jorogumo looks as sick as possible! x2
The jorogumo convulses.
The jorogumo seems to be slow for longer.
Your bite misses the jorogumo.
The jorogumo is heavily wounded.
The jorogumo casts a spell at you.
You block stream of webbing... and reflect it back!
The stream of webbing hits the jorogumo but does no damage.
You closely miss the jorogumo.
The jorogumo is heavily wounded.
You hit the jorogumo. Your bite misses the jorogumo.
The jorogumo is heavily wounded.
The jorogumo casts a spell at you. The bolt of negative energy hits you!!!
You feel drained.
You die...

.#. .() ..# ..### ...#~#?.
... ≈#.##...#...#
#..###...#........
#...#..#^.........
#...##.....#.....
#...#..§§###..... .
#.....§H§§§#
....###.#.....##@§§####
....~..#.....§§§§§§..##
#^..#.?...#####§§§..#~#
..^#....##..^#~#.....####
###....##.#^...#.###.†##..#
...................#......##
......##.#..#......#.......#
#....#..#..##########..#~##
#####..#.#..........s≈..###


You could see a jorogumo (extremely poisoned, slow).

Vanquished Creatures
  A hydra (Lair:2)
  A two-headed ogre (D:9)
  A boulder beetle (Spider:1)
  2 pharaoh ants (Spider:1)
  Amaemon (Lair:3)
  2 skysharks
  3 wolf spiders (Spider:1)
  An elephant (Lair:3)
  Joseph (Lair:1)
  An ice statue (D:8)
  A demonic crawler (Spider:1)
  A black mamba (Lair:2)
  2 cane toads (Lair:2)
  An orange demon (Lair:3)
  A torpor snail (Lair:1)
  Maggie (D:6)
  2 rime drakes
  9 komodo dragons
  6 ice devils (D:8)
  4 tarantellas (Spider:1)
  A troll (D:6)
  Grinder (D:6)
  9 blink frogs
  4 jumping spiders
  Sigmund (D:2)
  4 culicivoras
  17 yaks
  A wyvern (Lair:3)
  A basilisk (Lair:1)
  11 redbacks
  10 water moccasins
  Duvessa (D:6)
  4 ice beasts
  An orc warrior (D:9)
  A black bear (D:6)
  A sky beast (D:7)
  8 wolves
  2 ogres
  6 centaurs
  4 phantoms
  8 bullfrogs
  3 kobold brigands
  A gnoll sergeant (D:9)
  9 scorpions
  Dowan (D:6)
  33 killer bees
  An electric eel (Spider:1)
  3 howler monkeys (D:9)
  A jelly (D:6)
  4 hounds
  5 orc priests
  2 iguanas (D:6)
  A sleepcap (D:6)
  2 orc wizards (D:9)
  2 hell rats (Lair:3)
  2 hound skeletons (D:3)
  Robin (D:2)
  10 gnolls
  11 adders
  16 river rats
  A shadow imp (D:7)
  A white imp (D:8)
  6 ufetubi (D:8)
  An adder skeleton (D:3)
  3 worms
  3 dart slugs
  19 orcs
  2 bats
  11 endoplasms
  9 giant cockroaches
  47 goblins
  24 hobgoblins
  3 jackals (D:1)
  5 quokkas
  7 ball pythons
  A ball python skeleton (D:3)
  6 frilled lizards
  32 kobolds
  2 quokka skeletons (D:3)
  25 rats
454 creatures vanquished.

Vanquished Creatures (collateral kills)
  4 elephants (Lair:3)
4 creatures vanquished.

Vanquished Creatures (others)
  7 fungi
  20 plants
27 creatures vanquished.

Grand Total: 485 creatures vanquished

Notes
Turn   | Place    | Note
-------+----------+-------------------------------------------
     0 | D:1      | Scratchers the Minotaur Berserker began the quest for the
                  | Orb.
     0 | D:1      | Reached XP level 1. HP: 19/19 MP: 0/0
   343 | D:1      | Reached skill level 4 in Axes
   343 | D:1      | Reached XP level 2. HP: 27/27 MP: 1/1
   513 | D:1      | Found a faded altar of an unknown god.
  1469 | D:2      | Reached XP level 3. HP: 33/33 MP: 2/2
  1527 | D:2      | Noticed Sigmund
  1535 | D:2      | Killed Sigmund
  1536 | D:2      | Reached skill level 5 in Axes
  1536 | D:2      | Reached XP level 4. HP: 41/41 MP: 3/3
  1536 | D:2      | Reached XP level 5. HP: 47/47 MP: 4/4
  1641 | D:2      | Reached skill level 5 in Fighting
  1845 | D:2      | Noticed Robin
  1850 | D:2      | Reached ** piety under Trog
  1867 | D:2      | Killed Robin
  2305 | D:3      | Found a glowing drain.
  2322 | Sewer    | Entered a sewer
  2402 | Sewer    | Reached XP level 6. HP: 56/56 MP: 5/5
  2447 | Sewer    | Reached skill level 6 in Axes
  2520 | Sewer    | HP: 1/56 [kobold brigand/+0 whip (6)]
  2522 | Sewer    | Reached skill level 5 in Armour
  2750 | D:3      | Reached *** piety under Trog
  2758 | D:3      | Found a blossoming altar of Fedhas.
  3382 | D:3      | Reached XP level 7. HP: 42/61 MP: 6/6
  3448 | D:3      | Reached **** piety under Trog
  3537 | D:3      | Reached skill level 7 in Axes
  3777 | D:4      | Identified the +0 robe "Ganwud" {rF+ Stlth+}
  3853 | D:4      | Found a glowing golden altar of the Shining One.
  3913 | D:4      | Found a staircase to the Ecumenical Temple.
  3916 | D:4      | Identified the ring of Qaolye Piadi {Fire rCorr MP-9
                  | Slay+2}
  3998 | D:4      | Found Bagoydoa's Magic Scroll Shoppe.
  4444 | D:4      | Bought a scroll of brand weapon for 114 gold pieces
  4504 | D:5      | Entered Level 5 of the Dungeon
  4637 | D:5      | Reached ***** piety under Trog
  4638 | D:5      | Reached skill level 8 in Axes
  4669 | D:5      | Identified the +0 cloak of Beyond {rPois Will++}
  4732 | D:5      | Reached XP level 8. HP: 55/70 MP: 7/7
  4913 | D:5      | Reached skill level 9 in Axes
  5390 | D:6      | Noticed Duvessa
  5390 | D:6      | Noticed Dowan
  5411 | D:6      | Killed Dowan
  5417 | D:6      | Killed Duvessa
  5430 | D:6      | Noticed Maggie
  5456 | D:6      | Killed Maggie
  5457 | D:6      | Reached skill level 10 in Axes
  5474 | D:6      | Reached XP level 9. HP: 31/79 MP: 8/8
  5517 | D:6      | Noticed Grinder
  5541 | D:6      | Killed Grinder
  5565 | D:6      | Noticed a troll
  5576 | D:6      | Killed a troll
  5577 | D:6      | Reached skill level 1 in Stealth
  5825 | D:6      | Reached skill level 11 in Axes
  6286 | D:7      | Found an opulent altar of Gozag.
  6820 | D:8      | Noticed an ice devil
  6879 | D:8      | Noticed an ice devil
  6920 | D:8      | Noticed an ice devil
  6926 | D:8      | Noticed an ice devil
  6926 | D:8      | Noticed an ice devil
  6931 | D:8      | Noticed an ice statue
  6964 | D:8      | Noticed an ice devil
  7001 | D:8      | Killed an ice devil
  7002 | D:8      | Reached skill level 12 in Axes
  7024 | D:8      | Killed an ice devil
  7025 | D:8      | Reached XP level 10. HP: 55/90 MP: 9/9
  7153 | D:8      | Reached skill level 1 in Evocations
  7156 | D:8      | Reached skill level 10 in Armour
  7323 | D:8      | Found a runed translucent gate.
  7325 | D:8      | Found a runed translucent gate.
  7325 | D:8      | Found a runed translucent gate.
  7365 | D:8      | Found a runed translucent door.
  7373 | D:8      | Found the +9 staff of Olgreb {rPois∞}
  7376 | D:8      | Found a runed translucent door.
  7805 | D:8      | Reached skill level 13 in Axes
  7918 | D:8      | Killed an ice statue
  8140 | D:9      | Reached XP level 11. HP: 68/97 MP: 10/10
  8143 | D:9      | Reached skill level 1 in Shields
  8189 | D:9      | Gained mutation: You are resistant to electric shocks.
                  | (rElec) [potion of mutation]
  8189 | D:9      | Gained mutation: You have very sharp teeth. [potion of
                  | mutation]
  8459 | D:9      | Reached skill level 10 in Fighting
  8480 | D:9      | Found a shimmering blue altar of Sif Muna.
  8676 | D:9      | Found a staircase to the Lair.
  8761 | D:9      | Reached ****** piety under Trog
  8761 | D:9      | Received a gift from Trog
  8835 | D:9      | Noticed a two-headed ogre
  8841 | D:9      | Killed a two-headed ogre
  8842 | D:9      | Reached skill level 14 in Axes
  9012 | Lair:1   | Entered Level 1 of the Lair of Beasts
  9043 | Lair:1   | Identified the ring of Gamyasm {Int+3 Slay+4}
  9358 | Lair:1   | Noticed Joseph
  9370 | Lair:1   | Killed Joseph
  9371 | Lair:1   | Reached skill level 5 in Shields
  9650 | Lair:1   | Noticed a skyshark
  9657 | Lair:1   | Killed a skyshark
  9762 | Lair:2   | Noticed a skyshark
  9784 | Lair:2   | Killed a skyshark
  9806 | Lair:2   | Reached XP level 12. HP: 39/110 MP: 11/11
  9932 | Lair:2   | Found a staircase to the Shoals.
  9937 | Lair:2   | Noticed a six-headed hydra
  9946 | Lair:2   | Killed an 11-headed hydra
 10216 | Lair:2   | Reached skill level 15 in Axes
 10708 | Lair:3   | Received a gift from Trog
 10786 | Lair:3   | Found a hole to the Spider Nest.
 10886 | Lair:3   | Noticed Amaemon
 10901 | Lair:3   | Killed Amaemon
 10934 | Lair:3   | Reached skill level 10 in Shields
 11452 | Spider:1 | Entered Level 1 of the Spider Nest
 11469 | Spider:1 | Noticed a boulder beetle
 11476 | Spider:1 | Killed a boulder beetle
 11477 | Spider:1 | Reached skill level 1 in Maces & Flails
 11572 | Spider:1 | Reached XP level 13. HP: 90/119 MP: 12/12
 11809 | Spider:1 | Killed from afar by a jorogumo

Illustrated notes

Levels and vault maps discovered:
D:1:      onia_arrival_mini_maze_b, layout_loops_ring, serial_rivers,
          chequers_serial_rivers_room_a, chequers_serial_rivers_small_3,
          chequers_serial_rivers_large_b, chequers_serial_rivers_micro_d,
          chequers_serial_rivers_room_a, chequers_serial_rivers_room_a,
          shapermc_ecumenical_altar_venn
D:2:      layout_loops_ring, uniq_sigmund, uniq_robin
D:3:      minmay_goblin_kobold_castle, layout_basic,
          mainiacjoe_overflow_catwalk, serial_undead, serial_undead_c,
          serial_undead_e, serial_undead_b, serial_undead_e, serial_undead_f,
          serial_undead_c, cheibrodos_sewer_entry_drain
D:4:      layout_basic, nicolae_tso_carved_into_rock, minmay_temple_entry_hall,
          serial_shops, shop_fountains, minmay_misc_feat_diagonals
D:5:      layout_loops_ring, minivault_23, dreamdust_princess_corridor
D:6:      layout_loops_ring, serial_park_tiny_pond, uniq_maggie, uniq_grinder,
          uniq_duvessa
D:7:      layout_loops_ring, overflow_temple_1_default, dk_rats_in_the_wall
D:8:      cheibrodos_frozen_isle, layout_basic,
          minmay_guarded_unrand_staff_of_olgreb
D:9:      layout_irregular_city, overflow_temple_1_default,
          hellmonk_lair_entry_icy
Lair:1:   layout_regular_city, grunt_forest_large_clearing_hut,
          lemuel_fruit_tree, uniq_joseph
Lair:2:   layout_gridlike, elwin_shoals_entry_rocks, lemuel_old_faithful,
          grunt_megastairs_2
Lair:3:   layout_gridlike, nicolae_spider_entry_tight_spaces,
          kennysheep_rathole, grunt_megastairs_3, uniq_amaemon
Spider:1: layout_spider_delve

Skill      XL: |  1  2  3  4  5  6  7  8  9 10 11 12 13 |
---------------+----------------------------------------+-----
Axes           | 4 5 6 8 10 12 13 14 15 | 15.4
Fighting       | 4 5 6 7 8 9 11 12 | 12.8
Armour         | 3 4 5 6 7 9 11 12 13 | 13.7
Dodging        | 3 4 |  4.4
Stealth        | 1 |  1.8
Evocations     | 2 |  2.9
Shields        | 6 10 | 10.9
Maces & Flails | 1 2 |  2.8

Action                     |  1- 3 |  4- 6 |  7- 9 | 10-12 | 13-15 || total
---------------------------+-------+-------+-------+-------+-------++-------
  Melee: Hand axe          |    60 |   192 |   403 |   596 |       ||  1251
         Headbutt          |     8 |    21 |    61 |   144 |    21 ||   255
         Punch             |       |       |     6 |     2 |       ||     8
         Halberd           |       |       |       |     3 |       ||     3
         Bite              |       |       |       |    49 |     5 ||    54
         Whip              |       |       |       |    33 |    60 ||    93
 Invoke: Berserk           |     1 |     1 |     5 |     6 |     1 ||    14
         Trog's Hand       |       |     3 |     3 |     5 |     1 ||    12
         Brothers in Arms  |       |       |       |     1 |       ||     1
  Evoke: Wand              |       |       |     7 |     5 |     1 ||    13
    Use: Scroll            |       |       |    12 |       |     8 ||    20
         Potion            |       |       |       |     4 |       ||     4
   Stab: Paralysed         |       |       |     2 |       |       ||     2
 Armour: Ring mail         |     8 |       |       |       |       ||     8
         Animal skin       |     1 |       |       |       |       ||     1
         Chain mail        |    10 |   119 |    70 |       |       ||   199
         Plate armour      |       |       |   170 |   350 |    26 ||   546
  Dodge: Dodged            |    29 |    92 |   154 |   152 |    12 ||   439
  Block: Tower shield      |       |       |       |   321 |    79 ||   400
         Reflection        |       |       |       |       |     1 ||     1

Table legend: (Time is in decaauts)
 A = Elapsed time spent in this place.
 B = Non-inter-level travel time spent in this place.
 C = Inter-level travel time spent in this place.
 D = Time resting spent in this place.
 E = Time spent auto-exploring this place.
 F = Levels seen in this place.
 G = Mean time per level.
                   A        B        C        D        E       F      G
               +--------+--------+--------+--------+--------+-----+--------+
         Total |  11892 |   3974 |   7918 |      0 |    888 |  14 |  849.4 |
       Dungeon |   8672 |   2823 |   5849 |      0 |    860 |   9 |  963.6 |
          Lair |   2414 |    525 |   1889 |      0 |      0 |   3 |  804.7 |
   Spider Nest |    350 |    171 |    179 |      0 |      0 |   1 |  350.0 |
         Sewer |    455 |    455 |      0 |      0 |     27 |   1 |  455.0 |
               +--------+--------+--------+--------+--------+-----+--------+

Top non-repeatable levels by time:
     D:1: 1472 daAuts
     D:8: 1223 daAuts
     D:3: 1040 daAuts
     D:9: 936 daAuts
     D:2: 911 daAuts
  Lair:3: 872 daAuts
     D:6: 867 daAuts
     D:4: 808 daAuts
     D:5: 791 daAuts
  Lair:2: 789 daAuts
  Lair:1: 752 daAuts
     D:7: 619 daAuts
   Sewer: 455 daAuts
Spider:1: 350 daAuts
